 Dungeon Crawl Stone Soup version 0.32-a0-876-gcfddb08e57 (webtiles) character file.

Game seed: 6809022195883760000

1917615 TwadoKnight the Conqueror (level 23, 240/240 HPs)
             Began as a Minotaur Fighter on Apr 1, 2024.
             Was an Initiate of Gozag.
             Escaped with the Orb
             ... and 3 runes
             ... and 1 gem (intact)!
             The game lasted 00:54:23 (52445 turns).

TwadoKnight the Conqueror (Minotaur Fighter)       Turns: 52445, Time: 00:54:23

Health: 240/240    AC: 33    Str: 38      XL:     23   Next: 48%
Magic:  4/22       EV: 13    Int:  5      God:    Gozag
Gold:   4313       SH: 26    Dex: 14 (17) Spells: 22/22 levels left

rFire   + + .        b - +7 broad axe (venom)
rCold   + + .        y - +2 tower shield {rC+ rF+}
rNeg    + . .        Q - +3 plate armour {rPois}
rPois   +            W - -2 hat of the Alchemist {rElec rPois rF+ rC+ rN+ Will+ rMut rCorr}
rElec   +            p - +0 cloak
rCorr   +            x - +2 pair of gloves {infuse}
SInv    .            k - +2 pair of boots
Will    ++...        X - amulet of regeneration Stlth
                     M - ring of Emaif {rElec Str+6}
HPRegen 1.40/turn    i - ring "Inepn" {Fly EV+5 Str+3 Dex+4}
MPRegen 0.18/turn

%: resist mutation, infuse magic (1 MP)
@: flying
A: horns 2, retaliatory headbutt
0: Orb of Zot
}: 3/15 runes: serpentine, barnacled, silver
a: Renounce Religion, Potion Petition, Call Merchant, Bribe Branch


You escaped.
You worshipped Gozag.
Gozag was most pleased with you.
You visited 9 branches of the dungeon, and saw 45 of its levels.
You visited 1 bazaar.
You also visited: Bailey.

You collected 21334 gold pieces.
You spent 3433 gold pieces at shops.
You paid 13588 gold pieces to Gozag.

Inventory:

Hand Weapons
 a - the +4 trident "Dis Waov" {flame, rElec rPois rN++}
   (You found it on level 5 of the Lair of Beasts)

   rElec:     It insulates you from electricity.
   rPois:     It protects you from poison.
   rN++:      It greatly protects you from negative energy.
 b - a +7 broad axe of venom (weapon)
   (You took it off an orc warrior on level 1 of the Orcish Mines)
 m - a +1 war axe of flaming
Missiles
 o - 4 throwing nets (quivered) {!f}
Armour
 k - a +2 pair of boots (worn)
   (You found it on level 2 of the Dungeon)
 p - a +0 cloak (worn)
   (You found it on level 3 of the Dungeon)
 x - a +2 pair of gloves of infusion (worn)
   (You bought it in a shop in a bazaar)
 y - a +2 tower shield of resistance (worn)
   (You bought it in a shop on level 4 of the Dungeon)
 Q - a +3 plate armour of poison resistance (worn)
   (You found it in a bailey)
 W - the -2 hat of the Alchemist (worn) {rElec rPois rF+ rC+ rN+ Will+ rMut rCorr}
   (You found it on level 4 of the Snake Pit)

   rF+:       It protects you from fire.
   rC+:       It protects you from cold.
   rElec:     It insulates you from electricity.
   rPois:     It protects you from poison.
   rN+:       It protects you from negative energy.
   Will+:     It increases your willpower.
   rCorr:     It protects you from acid and corrosion.
   rMut:      It protects you from mutation.
Jewellery
 i - the ring "Inepn" (right hand) {Fly EV+5 Str+3 Dex+4}
   (You bought it in a shop on level 2 of the Orcish Mines)

   [ring of evasion]

   EV+5:      It affects your evasion (+5).
   Str+3:     It affects your strength (+3).
   Dex+4:     It affects your dexterity (+4).
   Fly:       It grants you flight.
 v - a ring of see invisible
   (You found it on level 4 of the Shoals)
 M - the ring of Emaif (left hand) {rElec Str+6}
   (You took it off a vault sentinel on level 5 of the Vaults)

   [ring of strength]

   Str+6:     It affects your strength (+6).
   rElec:     It insulates you from electricity.
 O - the ring of Twilight {Ice Int+4}
   (You found it on level 4 of the Snake Pit)

   [ring of ice]

   Ice:       It enhances your ice magic.
   Int+4:     It affects your intelligence (+4).
   rF-:       It makes you vulnerable to fire.
   rC+:       It protects you from cold.
 P - the ring of Voariesh {rC++ rN+ Str+4}
   (You acquired it in a bailey)

   [ring of positive energy]

   Str+4:     It affects your strength (+4).
   rC++:      It greatly protects you from cold.
   rN+:       It protects you from negative energy.
 U - a ring of willpower
   (You found it on level 2 of the Lair of Beasts)
 X - an amulet of regeneration (around neck)
   (You found it on level 15 of the Dungeon)
 Z - a ring of protection from fire
   (You took it off a naga on level 3 of the Snake Pit)
Wands
 w - a wand of warping (36)
   (You took it off Ijyb on level 5 of the Dungeon)
 B - a wand of paralysis (15)
   (You found it on level 5 of the Dungeon)
 F - a wand of flame (19) {@v4}
   (You found it on level 15 of the Dungeon)
 N - a wand of acid (20) {@v1}
   (You found it on level 10 of the Dungeon)
 T - a wand of mindburst (21)
   (You found it on level 11 of the Dungeon)
 Y - a wand of digging (14) {@v3}
   (You found it on level 2 of the Snake Pit)
Scrolls
 h - 19 scrolls of teleportation {@r3 !r}
 q - 4 scrolls of torment
 r - a scroll of revelation
 u - a scroll of fear {!r}
 E - 7 scrolls of poison
 G - 6 scrolls of vulnerability
 R - a scroll of summoning
Potions
 c - 7 potions of ambrosia
 d - 2 potions of might {@q3 !q}
 e - a potion of invisibility
 g - 10 potions of curing {@q1 !q}
 j - 3 potions of heal wounds {@q2 !q}
 l - 5 potions of degeneration
 n - 7 potions of mutation
 s - 4 potions of lignification {@q6}
 t - 2 potions of resistance
 z - 2 potions of attraction
 A - 3 potions of cancellation
 C - 7 potions of brilliance
 D - 5 potions of magic
 I - 6 potions of enlightenment
 L - 4 potions of haste {@q4 !q}
 S - 4 potions of berserk rage
Miscellaneous
 f - a Gell's gravitambourine (2/2)
   (You found it on level 4 of the Snake Pit)
 H - a phantom mirror
   (You found it on level 4 of the Shoals)
 K - a box of beasts
   (You found it on level 4 of the Snake Pit)
 V - a tin of tremorstones (2/2)
   (You found it on level 5 of the Lair of Beasts)


   Skills:
 O Level 27 Fighting
 + Level 25.7 Axes
 + Level 25.8 Armour
 + Level 25.8 Shields


You had 22 spell levels left.
You didn't know any spells.
Your spell library contained the following spells:

 Spells                   Type           Power      Damage    Failure   Level
 Apportation              Tloc           0%         N/A       80%         1
 Necrotise                Necr           0%         1d4       80%         1
 Slow                     Hex            0%         N/A       80%         1
 Cigotuvi's Dreadful Rot  Necr/Alch/Air  0%         N/A       90%         2
 Ensorcelled Hibernation  Hex/Ice        0%         N/A       90%         2
 Jinxbite                 Hex            0%         N/A       90%         2
 Sublimation of Blood     Necr           0%         N/A       90%         2
 Confusing Touch          Hex            0%         N/A       99%         3
 Passwall                 Erth           0%         N/A       99%         3
 Summon Ice Beast         Ice/Summ       0%         N/A       99%         3
 Swiftness                Air            0%         N/A       99%         3
 Vampiric Draining        Necr           0%         2d6       99%         3
 Volatile Blastmotes      Fire/Tloc      0%         2d10      99%         3
 Fulminant Prism          Conj/Alch      0%         3d5       100%        4
 Iskenderun's Mystic Bla Conj/Tloc 0%             2d3        (+2d1     100%        4
 Leda's Liquefaction      Alch/Erth      0%         N/A       100%        4
 Martyr's Knell           Necr/Summ      0%         N/A       100%        4
 Maxwell's Portable Pile  Tloc           0%         2d(5-10)  100%        4
 Petrify                  Alch/Erth      0%         N/A       100%        4
 Sticky Flame             Fire/Alch      0%         2d4       100%        4
 Alistair's Intoxication  Alch           0%         N/A       100%        5
 Arcjolt                  Conj/Air       0%         1d10      100%        5
 Irradiate                Conj/Alch      0%         3d11      100%        5
 Metabolic Englaciation   Hex/Ice        0%         N/A       100%        5
 Silence                  Hex/Air        0%         N/A       100%        5
 Summon Mana Viper        Hex/Summ       0%         N/A       100%        5
 Haunt                    Necr/Summ      0%         N/A       100%        7
 Monstrous Menagerie      Summ           0%         N/A       100%        7
 Borgnjor's Revivificati  Necr           0%         N/A       100%        8
 Infestation              Necr           0%         N/A       100%        8
 Maxwell's Capacitive Co  Air            0%         ∞         100%        8
 Animate Dead             Necr           Unusable   N/A       N/A         4

Dungeon Overview and Level Annotations

Branches:
Dungeon (15/15)            Temple (1/1) D:6            Lair (5/5) D:8
 Shoals (4/4) Lair:3        Snake (4/4) Lair:2        Slime (0/5) Lair:4
    Orc (2/2) D:9             Elf (0/3) Orc:2        Vaults (5/5) D:14
  Crypt (0/3) Vaults:3     Depths (4/4) D:15            Zot (5/5) Depths:4
 Bailey (visited)

Altars:
Ashenzari
Cheibriados
Dithmenos
Elyvilon
Fedhas
Gozag
Hepliaklqana
Kikubaaqudgha
Makhleb
Nemelex Xobeh
Okawaru
Qazlal
Ru
Sif Muna
Trog
Uskayaw
Vehumet
Wu Jian
Xom
Yredelemnul
Zin
The Shining One
Beogh
Jiyva

Shops:
D:2 :   D:4 [(   D:8 *   D:9 !   Orc:1 *   Orc:2 =([*   Snake:1 (
Snake:3 ?(**!   Vaults:3 [   Vaults:4 ?   Depths:3 *

Portals:
Pandemonium: Depths:2

Annotations:
D:4 2 transporters, TwadoKnight's ghost, amateur MiFi
Temple 2 transporters


Innate Abilities, Weirdness & Mutations

You have a pair of horns on your head.
You reflexively headbutt those who attack you in melee.


Message History

You headbutt the sun demon, but do no damage.
The sun demon is severely wounded.
You block the sun demon's attack.
You slice the sun demon!!
You kill the sun demon!
No target in view!
No target in view!
No target in view!
No target in view!
No target in view!
No target in view!
No target in view!
No target in view!
No target in view!
No target in view!
No target in view!
No target in view!
No target in view!
Search for what [Enter for "broad", or ? for help]?
Okay, then.
Unknown command.
Unknown command.
HP restored.
You now have 4313 gold pieces (gained 22).
You see here a +0 demon whip of venom. 3 hellwings come into view.
The hellwing gives a chilling moan. x2
A smoke demon comes into view.
The hellwing swoops through the air toward you!
The hellwing hits you. You block the hellwing's attack.
You closely miss the hellwing. You headbutt the hellwing.
The hellwing is lightly wounded.
You hit the hellwing but do no damage. You block the hellwing's attack.
The hellwing barely misses you.
You slice the hellwing!! You headbutt the hellwing.
The hellwing is severely wounded.
You slash the hellwing! You block the hellwing's attack. x4
You carve the hellwing like a ham!!!
You kill the hellwing!
You slice the hellwing!!
You kill the hellwing!
You hear a chilling moan.
You block the hellwing's attack. x2
A hellwing comes into view.
You see here 14 gold pieces.
You chop the smoke demon into pieces!!!
You headbutt the smoke demon, but do no damage.
The smoke demon is almost dead.
You slash the hellwing! You slice the smoke demon!!
You kill the smoke demon!
You barely miss the hellwing. You block the hellwing's attack. x2
You hit the hellwing but do no damage.
The hellwing is moderately wounded.
The hellwing misses you.
The hellwing hits you but does no damage.
You slash the hellwing!
The hellwing is poisoned.
You headbutt the hellwing.
The hellwing is heavily wounded.
You hit the hellwing.
The hellwing is poisoned.
You block the hellwing's attack. x4
You completely miss the hellwing.
You headbutt the hellwing, but do no damage.
The hellwing is heavily wounded.
You slice the hellwing!! You closely miss the hellwing.
The hellwing is severely wounded.
You slash the hellwing!
The hellwing looks as sick as possible!
The hellwing closely misses you.
The hellwing hits you but does no damage.
The hellwing hits you! You block the hellwing's attack.
You slice the hellwing!!
You kill the hellwing!
You slash the hellwing!
The hellwing looks as sick as possible!
You kill the hellwing!
No target in view!
No target in view!
No target in view!
No target in view!
No target in view!
No target in view!
No target in view!
No target in view!
No target in view!
No target in view!
No target in view!
No target in view!
A Xubb and 2 ancient liches come into view.
Blink to where?
Press: ? - help, Dir - move target
As you read the scroll of blinking {@r4}, it crumbles to dust.
The ancient lich shouts!
Blink to where?
Press: ? - help, Dir - move target
As you read the scroll of blinking {@r4}, it crumbles to dust.
Aiming: Dig
Press: ? - help, Shift-Dir - straight line This square is covered in magical glow.
The rock shatters into small pieces.
There is a staircase leading out of the dungeon here.
You have escaped!

..# #..#.## ##.......## ##.##.
..####.....# #.........####...#.
...........###########).+........
..#####...###.......###.####...#.
..# #.....##.........##.# ##.##)
### #.#.#.#.....ß.....#.# ####.
#.#.#[...ß..ß..ß....# #....
#.#.###...........### #.### #...#
##....@....## #.#
#÷.######.......## #.# #
#......######.#### #.# # ##.#####
#....## #.# # #.# #.....#######.#
# #.# ###...#..÷.....# #
#.#########.......########
#...........##.####
##############.#


There were no monsters in sight!

Vanquished Creatures
  An ancient lich (Vaults:5)
  Vashnia (Snake:4)
  2 Killer Klowns (Zot:5)
  A curse toe (Zot:5)
  8 golden dragons
  11 tentacled monstrosities
  An electric golem (Zot:5)
  Mlioglotl (Shoals:1)
  Asterion (Snake:3)
  5 titans (Vaults:5)
  9 Orb Guardians (Zot:5)
  Polyphemus (Shoals:4)
  3 quicksilver dragons
  3 death cobs
  5 sphinxes
  10 shadow dragons
  Kirke (Lair:4)
  Ilsuiw (Shoals:4)
  Aizul (Snake:3)
  15 storm dragons
  A draconian monk (Zot:1)
  5 nagarajas
  2 protean progenitors
  10 tengu reavers
  3 draconian shifters
  2 iron dragons (Vaults:5)
  2 deep elf sorcerers
  4 draconian knights
  2 frost giants
  A balrug (D:1)
  3 orc warlords
  3 draconian scorchers (Zot:1)
  2 ghost moths
  7 draconian stormcallers
  15 vault wardens
  21 ironbound preservers
  20 slime creatures
  5 very ugly things
  9 stone giants
  2 draconian annihilators
  7 green draconians
  7 ironbound thunderhulks
  5 black draconians
  5 formless jellyfish
  A deep elf demonologist (Vaults:5)
  6 yellow draconians
  3 red draconians
  A lorocyproca (D:2)
  2 white draconians
  2 spark wasps (Depths:4)
  2 purple draconians
  5 war gargoyles (Vaults:5)
  2 deep elf annihilators
  9 dire elephants
  6 ettins
  6 merfolk javelineers
  2 blizzard demons
  2 fire dragons
  11 yaktaur captains
  5 merfolk impalers
  3 deep elf high priests
  Josephine (Orc:2)
  3 entropy weavers
  32 vault guards
  2 ice dragons
  3 hydras
  3 ogre magi
  A peacekeeper (Vaults:4)
  7 salamander tyrants
  5 merfolk avatars
  A catoblepas (Shoals:4)
  8 great orbs of eyes
  8 ironbound frosthearts
  19 anacondas
  2 alligator snapping turtles
  3 centaur warriors (Vaults:1)
  5 two-headed ogres
  5 merfolk aquamancers
  3 boulder beetles
  4 tengu warriors
  3 deep troll shamans
  2 deep troll earth magi
  16 shock serpents
  7 death yaks
  2 hell hogs (Depths:4)
  13 naga sharpshooters
  An orc high priest (Bailey)
  4 sun demons (D:1)
  10 naga warriors
  An occultist (Depths:2)
  6 iron trolls
  9 hell knights
  5 skysharks
  Amaemon (D:10)
  7 salamander mystics
  5 arcanists
  71 deep trolls
  A glowing orange brain (Depths:2)
  11 sea snakes
  26 mana vipers
  19 naga ritualists
  19 lindwurms
  13 orc knights
  6 phantasmal warriors
  19 ironbound convokers
  4 necromancers
  An obsidian bat (Orc:2)
  9 deep elf pyromancers
  12 harpies
  3 orc sorcerers
  6 deep elf zephyrmancers
  9 manticores
  A tengu skeleton (Vaults:2)
  4 cyclopes
  33 ugly things
  Maurice (D:10)
  15 moths of wrath
  29 salamanders
  A merfolk siren (Shoals:4)
  19 elephants
  51 black mambas
  3 water nymphs
  13 naga magi
  5 guardian serpents (Snake:4)
  29 vault sentinels
  Joseph (D:7)
  An orange demon (D:10)
  A smoke demon (D:1)
  A torpor snail (Lair:5)
  A water nymph (shapeshifter) (Vaults:5)
  Maggie (D:8)
  2 hellions
  12 cane toads
  2 unseen horrors
  An efreet (D:15)
  10 rime drakes
  A kobold demonologist (Bailey)
  2 komodo dragons (shapeshifter)
  29 yaktaurs
  9 komodo dragons
  A tengu conjurer (D:15)
  An ice devil (Depths:2)
  3 freezing wraiths
  4 hellwings (D:1)
  30 merfolk
  10 trolls
  36 blink frogs
  7 wind drakes
  7 polar bears
  4 hornets
  A tyrant leech (Zot:2)
  4 dream sheep (Lair:5)
  8 snapping turtles
  Grinder (D:5)
  A fire giant simulacrum (Vaults:2)
  A culicivora (Vaults:4)
  2 shadows (D:11)
  7 water elementals
  7 wraiths
  62 yaks
  4 wyverns
  6 hogs (Lair:4)
  4 wargs
  6 golden eyes (Depths:2)
  4 basilisks
  Grum (D:9)
  3 steam dragons
  7 redbacks
  4 vampire mosquitoes (D:12)
  38 nagas
  Edmund (D:6)
  3 acid dragons
  19 water moccasins
  3 ice beasts
  46 orc warriors
  4 black bears
  4 wolves (D:9)
  6 laughing skulls
  4 boggarts
  6 ogres
  8 centaurs
  A phantom (D:5)
  2 kobold brigands (D:9)
  Blork the orc (D:4)
  14 bullfrogs
  2 gnoll sergeants
  2 human skeletons (Vaults:2)
  6 scorpions
  7 wights
  5 killer bees (D:9)
  A howler monkey (D:8)
  4 electric eels
  3 bombardier beetles
  A hound (D:5)
  2 jellies (D:7)
  15 orc priests
  Crazy Yiuf (D:5)
  2 gnoll boudas (D:8)
  2 sleepcaps
  2 iguanas
  Ijyb (D:5)
  17 orc wizards
  13 hell rats
  31 gnolls
  5 adders
  3 shadow imps
  A white imp (D:7)
  2 ufetubi (D:6)
  A dart slug (D:5)
  94 orcs
  6 bats
  4 endoplasms
  4 giant cockroaches
  13 goblins
  11 hobgoblins
  11 jackals
  2 quokkas
  3 training dummies (D:4)
  12 ball pythons
  8 frilled lizards
  19 kobolds
  4 rats
  An aspiring flesh (Zot:2)
1723 creatures vanquished.

Vanquished Creatures (collateral kills)
  3 Orb Guardians (Zot:5)
  A storm dragon (Zot:2)
  A draconian scorcher (Zot:5)
  An ironbound preserver (Vaults:5)
  A red draconian (Zot:5)
  A yellow draconian (Zot:5)
  A moth of wrath (Zot:2)
9 creatures vanquished.

Vanquished Creatures (others)
  A dread lich (Zot:5)
  An orb of fire (Zot:5)
  2 Killer Klowns (Zot:5)
  A tentacled monstrosity (Zot:5)
  11 Orb Guardians (Zot:5)
  A shadow dragon (Zot:5)
  A draconian knight (Zot:5)
  2 draconian scorchers (Zot:5)
  A ghost moth (Zot:5)
  2 draconian annihilators (Zot:5)
  A green draconian (Zot:5)
  2 white draconians (Zot:5)
  A purple draconian (Zot:5)
  2 black draconians (Zot:5)
  5 red draconians (Zot:5)
  A salamander mystic (Snake:4)
  A deep troll (Vaults:3)
  A water nymph (Shoals:4)
  Psyche (D:8)
  A rime drake (Lair:2)
  A human (Lair:4)
40 creatures vanquished.

Grand Total: 1772 creatures vanquished

Notes
Turn   | Place    | Note
-------+----------+-------------------------------------------
     0 | D:1      | TwadoKnight the Minotaur Fighter began the quest for the
                  | Orb.
     0 | D:1      | Reached XP level 1. HP: 19/19 MP: 0/0
   281 | D:1      | Reached XP level 2. HP: 27/27 MP: 1/1
   425 | D:1      | Reached skill level 4 in Armour
   425 | D:1      | Reached skill level 4 in Shields
   451 | D:1      | Reached skill level 4 in Fighting
   885 | D:1      | Reached XP level 3. HP: 33/33 MP: 2/2
  1199 | D:2      | Reached skill level 3 in Axes
  1220 | D:2      | Found Bialuam's Book Emporium.
  1346 | D:2      | Found a glowing silver altar of Zin.
  1968 | D:3      | Found a blossoming altar of Fedhas.
  1977 | D:3      | Reached XP level 4. HP: 41/41 MP: 3/3
  2417 | D:3      | Reached XP level 5. HP: 47/47 MP: 4/4
  2870 | D:4      | Found Vidod's Armour Emporium.
  2890 | D:4      | Reached skill level 4 in Axes
  2945 | D:4      | Found Ciurieq's Firing Range.
  3038 | D:4      | Noticed Blork the orc
  3042 | D:4      | Reached skill level 5 in Fighting
  3052 | D:4      | Killed Blork the orc
  3053 | D:4      | Reached skill level 5 in Armour
  3053 | D:4      | Reached skill level 5 in Shields
  3053 | D:4      | Reached XP level 6. HP: 42/56 MP: 5/5
  3120 | D:4      | Found a transporter.
  3120 | D:4      | Identified the +5 great mace of Causality {venom, Will+
                  | Int-4 Dex+2 SInv}
  3120 | D:4      | Noticed TwadoKnight's ghost (amateur MiFi)
  3126 | D:4      | Found a transporter.
  3293 | D:5      | Entered Level 5 of the Dungeon
  3302 | D:5      | Noticed Ijyb
  3315 | D:5      | Killed Ijyb
  3547 | D:5      | Noticed an ice beast
  3553 | D:5      | Killed an ice beast
  3591 | D:5      | Noticed an ice beast
  3599 | D:5      | Killed an ice beast
  3600 | D:5      | Reached skill level 5 in Axes
  3600 | D:5      | Reached XP level 7. HP: 50/62 MP: 6/6
  3646 | D:5      | Noticed Grinder
  3655 | D:5      | Killed Grinder
  3656 | D:5      | Reached skill level 6 in Fighting
  3656 | D:5      | Reached skill level 6 in Armour
  3656 | D:5      | Reached skill level 6 in Shields
  4056 | D:5      | Found a hide-covered altar of Uskayaw.
  4250 | D:5      | Reached skill level 6 in Axes
  4250 | D:5      | Reached XP level 8. HP: 71/71 MP: 7/7
  4404 | D:5      | Found a runed translucent door.
  4405 | D:5      | Noticed Crazy Yiuf
  4417 | D:5      | Killed Crazy Yiuf
  4846 | D:6      | Reached skill level 7 in Fighting
  4864 | D:6      | Reached skill level 7 in Armour
  4864 | D:6      | Reached skill level 7 in Shields
  5061 | D:6      | Found a staircase to the Ecumenical Temple.
  5078 | Temple   | Found a transporter.
  5078 | Temple   | Found a transporter.
  5078 | Temple   | Found a transporter.
  5078 | Temple   | Found a transporter.
  5078 | Temple   | Entered the Ecumenical Temple
  5094 | Temple   | Became a worshipper of Gozag Ym Sagoz the Greedy
  5184 | D:6      | Reached skill level 7 in Axes
  5301 | D:6      | Noticed Edmund
  5314 | D:6      | Killed Edmund
  5315 | D:6      | Reached skill level 8 in Fighting
  5315 | D:6      | Reached skill level 8 in Shields
  5315 | D:6      | Reached XP level 9. HP: 80/81 MP: 8/8
  5519 | D:6      | Reached skill level 8 in Armour
  6476 | D:8      | Noticed an elephant
  6487 | D:8      | Killed an elephant
  6487 | D:8      | Killed Psyche
  6488 | D:8      | Reached skill level 8 in Axes
  6489 | D:8      | Reached skill level 9 in Fighting
  6502 | D:8      | Noticed an elephant
  6505 | D:8      | Noticed Joseph
  6859 | D:7      | Killed Joseph
  6860 | D:7      | Reached skill level 9 in Armour
  6860 | D:7      | Reached skill level 9 in Shields
  6971 | D:8      | Reached skill level 10 in Fighting
  7018 | D:8      | Killed an elephant
  7021 | D:8      | Reached XP level 10. HP: 86/94 MP: 9/9
  7061 | D:8      | Got the Almanac of Azoth and Ceraunoscopy
  7084 | D:8      | Found a sparkling altar of Nemelex Xobeh.
  7136 | D:8      | Reached skill level 9 in Axes
  7259 | D:8      | Found Keka's Assorted Antiques.
  7262 | D:8      | Noticed Maggie
  7295 | D:8      | Killed Maggie
  7409 | D:8      | Bought 2 sedimented ruby potions for 50 gold pieces
  7409 | D:8      | Bought a scroll labelled ZYEDEI AMAIS for 28 gold pieces
  7409 | D:8      | Bought a scroll labelled VOOCIM LI UPRUNO for 28 gold
                  | pieces
  7481 | D:4      | Bought a +1 tower shield of resistance for 474 gold pieces
  7892 | D:8      | Found a staircase to the Lair.
  8104 | D:9      | Reached skill level 11 in Fighting
  8162 | D:9      | Noticed Grum
  8192 | D:9      | Reached skill level 10 in Armour
  8195 | D:9      | Reached skill level 10 in Shields
  8213 | D:9      | Killed Grum
  8452 | D:9      | Found Zetig's Distillery.
  8455 | D:9      | Bought a potion of mutation for 88 gold pieces
  8630 | D:9      | Reached skill level 12 in Fighting
  8630 | D:9      | Reached skill level 10 in Axes
  8706 | D:9      | Found a staircase to the Orcish Mines.
  8903 | D:9      | Found a glowing golden altar of the Shining One.
  9256 | D:9      | Reached XP level 11. HP: 105/105 MP: 10/10
  9348 | D:9      | Found a snail-covered altar of Cheibriados.
  9389 | D:10     | Entered Level 10 of the Dungeon
  9389 | D:10     | Noticed Amaemon
  9404 | D:10     | Killed Amaemon
  9405 | D:10     | Reached skill level 11 in Shields
  9408 | D:10     | Reached skill level 11 in Armour
  9412 | D:10     | Reached skill level 13 in Fighting
  9686 | D:10     | Noticed Maurice
  9703 | D:10     | Maurice stole a ring of ice
  9710 | D:10     | Something stole 3 throwing nets {!f}
  9712 | D:10     | Killed Maurice
  9830 | D:10     | Found a flagged portal.
  9838 | D:10     | Identified the +8 hand axe of Deiplamp {drain, ^Fragile rF+
                  | Dex+4}
  9947 | Bailey   | Entered a bailey
 10111 | Bailey   | Reached skill level 11 in Axes
 10180 | Bailey   | Acquired the ring of Voariesh {rC++ rN+ Str+4}
 10294 | Bailey   | Found an iron altar of Okawaru.
 10294 | Bailey   | Noticed an orc high priest
 10307 | Bailey   | Killed an orc high priest
 10311 | Bailey   | Reached skill level 14 in Fighting
 10378 | Bailey   | Reached skill level 15 in Fighting
 10378 | Bailey   | Reached skill level 12 in Axes
 10378 | Bailey   | Reached skill level 12 in Armour
 10378 | Bailey   | Reached skill level 12 in Shields
 10378 | Bailey   | Reached XP level 12. HP: 121/121 MP: 11/11
 11096 | D:11     | Noticed a two-headed ogre
 11101 | D:11     | Killed a two-headed ogre
 11226 | D:11     | Reached skill level 16 in Fighting
 11312 | D:11     | Reached skill level 13 in Armour
 11325 | D:11     | Reached skill level 13 in Shields
 11953 | Lair:1   | Entered Level 1 of the Lair of Beasts
 12098 | Lair:1   | Reached skill level 13 in Axes
 12154 | Lair:1   | Reached XP level 13. HP: 127/130 MP: 12/12
 12266 | Lair:1   | Reached skill level 17 in Fighting
 12603 | Lair:2   | Found a staircase to the Snake Pit.
 12664 | Lair:2   | Reached skill level 14 in Armour
 12664 | Lair:2   | Reached skill level 14 in Shields
 13030 | Lair:2   | Reached skill level 18 in Fighting
 13043 | Lair:2   | Reached skill level 14 in Axes
 13977 | Lair:3   | Reached XP level 14. HP: 99/144 MP: 13/13
 14187 | Lair:3   | Reached skill level 15 in Shields
 14307 | Lair:3   | Reached skill level 15 in Armour
 14566 | Lair:3   | Found a staircase to the Shoals.
 15060 | Lair:4   | Noticed Kirke
 15092 | Lair:4   | Killed Kirke
 15093 | Lair:4   | Reached skill level 15 in Axes
 15458 | Lair:4   | Found a viscous altar of Jiyva.
 15460 | Lair:4   | Found a staircase to the Slime Pits.
 15716 | Lair:4   | Reached skill level 19 in Fighting
 16312 | Lair:5   | Entered Level 5 of the Lair of Beasts
 16899 | Lair:5   | Reached skill level 16 in Shields
 16901 | Lair:5   | Reached skill level 16 in Armour
 17487 | Lair:5   | Identified the +4 trident "Dis Waov" {flame, rElec rPois
                  | rN++}
 17763 | Orc:1    | Entered Level 1 of the Orcish Mines
 17771 | Orc:1    | Reached skill level 16 in Axes
 17782 | Orc:1    | Reached XP level 15. HP: 151/154 MP: 14/14
 18827 | Orc:1    | Found Xaitupt's Assorted Antiques.
 18836 | Orc:1    | Bought a pitted chain mail for 275 gold pieces
 18836 | Orc:1    | Identified the +0 chain mail "Yrrepneg" {Rampage rPois
                  | Str+3 Dex-2} (You bought it in a shop on level 1 of the
                  | Orcish Mines)
 19243 | Orc:2    | Entered Level 2 of the Orcish Mines
 19448 | Orc:2    | Noticed Josephine
 19460 | Orc:2    | Killed Josephine
 19470 | Orc:2    | Found a roughly hewn altar of Beogh.
 19472 | Orc:2    | Found Liles's Jewellery Emporium.
 19536 | Orc:2    | Bought the ring "Inepn" {Fly EV+5 Str+3 Dex+4} for 837 gold
                  | pieces
 19626 | Orc:2    | Found a staircase to the Elven Halls.
 19781 | Orc:2    | Found a roughly hewn altar of Beogh.
 20001 | Orc:2    | Found Feamuson's Antique Armour Boutique.
 20083 | Orc:2    | Found Jisacs's Antique Weapon Shop.
 20087 | Orc:2    | Found a roughly hewn altar of Beogh.
 20157 | Orc:2    | Found a roughly hewn altar of Beogh.
 20158 | Orc:2    | Found Jedwoyf's Assorted Antiques.
 20167 | Orc:2    | Reached skill level 20 in Fighting
 20385 | Orc:2    | Bought a potion of mutation for 216 gold pieces
 20385 | Orc:2    | Bought a potion of mutation for 216 gold pieces
 20486 | Snake:1  | Entered Level 1 of the Snake Pit
 21055 | Snake:1  | Found Roqaymp's Antique Weapon Emporium.
 21271 | Snake:1  | Reached skill level 17 in Armour
 21271 | Snake:1  | Reached skill level 17 in Shields
 21929 | Snake:1  | Reached skill level 17 in Axes
 22475 | Snake:2  | Reached XP level 16. HP: 70/165 MP: 4/15
 24433 | Snake:3  | Reached skill level 18 in Shields
 24586 | Snake:3  | Reached skill level 18 in Armour
 24606 | Snake:3  | Reached skill level 21 in Fighting
 24609 | Snake:3  | Identified the serpent talisman of Inference {rElec rCorr
                  | Int+4 SInv}
 24609 | Snake:3  | Noticed Aizul
 24625 | Snake:3  | Killed Aizul
 25110 | Snake:3  | Noticed Asterion
 25116 | Snake:3  | Killed Asterion
 25273 | Snake:3  | Found Ittymic's General Store.
 25273 | Snake:3  | Found Paubosoe's Distillery.
 25276 | Snake:3  | Found Kiysauq's Weapon Boutique.
 25282 | Snake:3  | Found Taginem's Assorted Antiques.
 25282 | Snake:3  | Found Voaxoxt's Magic Scroll Shoppe.
 25287 | Snake:3  | Reached skill level 18 in Axes
 25302 | Snake:3  | Bought a potion of curing for 96 gold pieces
 25307 | Snake:3  | Bought a scroll of teleportation for 51 gold pieces
 25307 | Snake:3  | Bought a scroll of teleportation for 51 gold pieces
 25325 | Snake:3  | Bought a potion of mutation for 168 gold pieces
 25764 | Snake:3  | Found a hazy altar of Hepliaklqana.
 26025 | Snake:4  | Entered Level 4 of the Snake Pit
 26042 | Snake:4  | Noticed Vashnia
 26230 | Snake:4  | Identified the serpent talisman "Ymiastebb" {+Blink Int+3
                  | Dex+3}
 26816 | Snake:4  | Identified the +0 ring mail of Fuitin {Will- Dex+4}
 27095 | Snake:4  | Reached XP level 17. HP: 48/174 MP: 16/16
 27433 | Snake:4  | Found a glowing golden altar of the Shining One.
 28103 | Snake:4  | Killed Vashnia
 29040 | Snake:4  | Reached skill level 19 in Armour
 29044 | Snake:4  | Reached skill level 19 in Shields
 29818 | Snake:4  | Found the -2 hat of the Alchemist {rElec rPois rF+ rC+ rN+
                  | Will+ rMut rCorr}
 29823 | Snake:4  | Identified the ring of Twilight {Ice Int+4}
 29845 | Snake:4  | Identified the +0 long sword "Himoed" {heavy, rF+}
 29906 | Snake:4  | Reached skill level 19 in Axes
 30154 | Snake:4  | Reached skill level 22 in Fighting
 31187 | Snake:4  | Got a serpentine rune of Zot
 31431 | Shoals:1 | Entered Level 1 of the Shoals
 31606 | Shoals:1 | Noticed Mlioglotl
 31619 | Shoals:1 | Killed Mlioglotl
 32405 | Shoals:3 | Reached XP level 18. HP: 185/185 MP: 17/17
 32429 | Shoals:3 | Reached skill level 20 in Armour
 32501 | Shoals:3 | Reached skill level 20 in Shields
 32537 | Shoals:4 | Entered Level 4 of the Shoals
 32730 | Shoals:4 | Noticed Polyphemus
 32760 | Shoals:4 | Killed Polyphemus
 32937 | Shoals:4 | Reached skill level 20 in Axes
 33004 | Shoals:4 | Noticed Ilsuiw
 33175 | Shoals:4 | Killed Ilsuiw
 34081 | Shoals:4 | Got a barnacled rune of Zot
 34267 | Shoals:2 | Reached skill level 23 in Fighting
 35749 | D:13     | Found a stormy altar of Qazlal.
 36745 | D:14     | Found a gate to the Vaults.
 36986 | D:14     | Found a shimmering altar of Xom.
 37289 | D:15     | Entered Level 15 of the Dungeon
 37540 | D:15     | Found a staircase to the Depths.
 37582 | D:15     | Reached skill level 21 in Armour
 37948 | D:15     | Found a glowing silver altar of Zin.
 38028 | Vaults:1 | Entered Level 1 of the Vaults
 38683 | Vaults:1 | Reached skill level 21 in Shields
 38698 | Vaults:1 | Reached XP level 19. HP: 195/195 MP: 18/18
 39054 | Vaults:1 | Reached skill level 21 in Axes
 40276 | Vaults:2 | Reached skill level 24 in Fighting
 41057 | Vaults:2 | Reached skill level 22 in Armour
 41243 | Vaults:2 | Reached skill level 22 in Shields
 41689 | Vaults:3 | Reached XP level 20. HP: 207/207 MP: 19/19
 41701 | Vaults:3 | Reached skill level 22 in Axes
 42072 | Vaults:3 | Found a flickering gateway to a bazaar.
 42243 | Vaults:3 | Found Utimicev's Armour Shoppe.
 42264 | Bazaar   | Entered a bazaar
 42264 | Bazaar   | Found Itrayth's Weapon Emporium.
 42271 | Bazaar   | Found Lynoosh's Weapon Emporium.
 42287 | Bazaar   | Found Cutoe's Antique Armour Boutique.
 42295 | Bazaar   | Bought a pair of glowing gloves for 232 gold pieces
 42320 | Bazaar   | Found Plog's Distillery.
 42328 | Bazaar   | Bought a potion of haste for 70 gold pieces
 42328 | Bazaar   | Bought a potion of heal wounds for 35 gold pieces
 42328 | Bazaar   | Bought a potion of heal wounds for 35 gold pieces
 42331 | Bazaar   | Found Weehoxt's Antique Armour Emporium.
 43091 | Vaults:3 | Found a staircase to the Crypt.
 43091 | Vaults:3 | Found an ancient bone altar of Kikubaaqudgha.
 43092 | Vaults:3 | Found a basalt altar of Yredelemnul.
 43558 | Vaults:4 | Found Dicw's Magic Scroll Boutique.
 43563 | Vaults:4 | Bought a scroll of blinking for 142 gold pieces
 43563 | Vaults:4 | Bought a scroll of revelation for 142 gold pieces
 43563 | Vaults:4 | Bought a scroll of teleportation for 57 gold pieces
 43563 | Vaults:4 | Bought a scroll of revelation for 142 gold pieces
 43897 | Vaults:4 | Reached skill level 25 in Fighting
 44573 | Vaults:4 | Reached skill level 23 in Armour
 45205 | Vaults:4 | Reached skill level 23 in Shields
 45380 | Vaults:4 | Identified the +8 short sword of the Wasteland {flame,
                  | Int+5}
 45558 | Vaults:5 | Entered Level 5 of the Vaults
 45613 | Vaults:5 | Reached XP level 21. HP: 178/208 MP: 0/20
 45616 | Vaults:5 | Reached skill level 23 in Axes
 45622 | Vaults:5 | Noticed an ancient lich
 45749 | Vaults:5 | Identified the ring of Emaif {rElec Str+6}
 45847 | Vaults:5 | Killed an ancient lich
 46511 | Vaults:5 | Identified the +0 mace "Dify" {flame, *Slow rN+++ rCorr
                  | Int+2}
 46558 | Vaults:5 | Got the Encyclopedia of the Shadowy Pyre
 46563 | Vaults:5 | Got the Folio of Pessimism
 46565 | Vaults:5 | Identified the staff of Propriety {rElec Will+ Int-4 Dex+3
                  | Air}
 46591 | Vaults:5 | Reached skill level 26 in Fighting
 46610 | Vaults:5 | Got a silver rune of Zot
 46639 | Vaults:5 | Noticed a golden dragon
 46648 | Vaults:5 | Reached skill level 24 in Armour
 46657 | Vaults:5 | Killed a golden dragon
 46669 | Vaults:5 | Reached skill level 24 in Shields
 46863 | Depths:1 | Entered Level 1 of the Depths
 46886 | Depths:1 | Found a radiant altar of Vehumet.
 47030 | Depths:2 | Found a one-way gate leading to the halls of Pandemonium.
 47154 | Depths:3 | Reached skill level 24 in Axes
 47156 | Depths:3 | Reached XP level 22. HP: 207/229 MP: 1/21
 47199 | Depths:3 | Found Ixolonli's Assorted Antiques.
 47271 | Depths:4 | Entered Level 4 of the Depths
 47446 | Depths:4 | Noticed a golden dragon
 47453 | Depths:4 | Killed a golden dragon
 47556 | Depths:4 | Noticed a golden dragon
 47569 | Depths:4 | Killed a golden dragon
 47629 | Depths:4 | Found a gate to the Realm of Zot.
 47637 | Depths:4 | Got a midnight gem with 2287 turns to spare
 47738 | Zot:1    | Entered Level 1 of the Realm of Zot
 48200 | Zot:1    | Noticed a golden dragon
 48212 | Zot:1    | Killed a golden dragon
 49299 | Zot:2    | Noticed a golden dragon
 49350 | Zot:2    | Killed a golden dragon
 49466 | Zot:2    | Reached skill level 25 in Armour
 49701 | Zot:3    | Noticed a golden dragon
 49715 | Zot:2    | Killed a golden dragon
 49733 | Zot:3    | Reached skill level 25 in Shields
 49835 | Zot:2    | Reached skill level 27 in Fighting
 50052 | Zot:3    | Noticed a golden dragon
 50123 | Zot:2    | Reached skill level 25 in Axes
 50295 | Zot:3    | Killed a golden dragon
 50320 | Zot:3    | Reached XP level 23. HP: 186/240 MP: 1/22
 51076 | Zot:5    | Entered Level 5 of the Realm of Zot
 51112 | Zot:5    | Noticed a curse toe
 51121 | Zot:5    | Killed a curse toe
 51161 | Zot:5    | Noticed a Killer Klown
 51161 | Zot:5    | Noticed a Killer Klown
 51161 | Zot:5    | Noticed an orb of fire
 51161 | Zot:5    | Noticed a Killer Klown
 51177 | Zot:5    | Noticed a Killer Klown
 51186 | Zot:5    | Killed an orb of fire
 51200 | Zot:5    | Killed a Killer Klown
 51257 | Zot:5    | Noticed a dread lich
 51293 | Zot:5    | Killed a Killer Klown
 51304 | Zot:5    | Killed a dread lich
 51401 | Zot:5    | Noticed a dread lich
 51405 | Zot:5    | Killed a Killer Klown
 51736 | Zot:5    | Noticed an ancient lich
 51807 | Zot:5    | Got the Orb of Zot
 52434 | D:1      | Noticed Xubb the pandemonium lord
 52434 | D:1      | Noticed an ancient lich
 52434 | D:1      | Noticed an ancient lich
 52445 | D:$      | Escaped with the Orb!

Illustrated notes

Levels and vault maps discovered:
D:1:      dreamdust_arrival_beginning_and_end, layout_loops_corners,
          roderic_serpentine_path, minivault_23
D:2:      layout_basic, basic_altar, serial_shops, nicolae_shop_gibbet_a_chance,
          patterned_corridor
D:3:      layout_loops_ring, mainiacjoe_overflow_catwalk, serial_bayou_crossing
D:4:      layout_rooms, gammafunk_ghost_smash, serial_shops,
          nicolae_shop_scrapyard, nicolae_shop_firing_range, uniq_blork_the_orc
D:5:      layout_loops_ring, mainiacjoe_overflow_six_doors_small, uniq_grinder,
          uniq_crazy_yiuf_cottage, uniq_ijyb
D:6:      layout_rooms, minmay_temple_entry_junction, uniq_edmund
D:7:      layout_loops_corners, minmay_manual_mares
D:8:      layout_basic, nemelex_altar_shiori, grunt_lair_entry_orc_guard_hut,
          serial_shops, nicolae_shop_tiny_statue_garden, serial_curves,
          eino_curves_02, eino_curves_02, uniq_joseph, uniq_maggie, uniq_psyche
D:9:      layout_roguey, lemuel_coloured_pillars_altar, tso_altar, erik_orc_3,
          serial_shops, shop, dk_vineyard_2, kennysheep_generic_room_5,
          uniq_grum
D:10:     layout_cave_pods, enter_bailey_2, uniq_maurice, uniq_amaemon
D:11:     layout_long_grid
D:12:     layout_loops_ring
D:13:     layout_basic, grunt_qazlal_sundering
D:14:     layout_gridville, david_vaults_4, xom_teletrap_fun
D:15:     hangedman_depths_entry_civil_slaughter, layout_irregular_city,
          minmay_misc_feat_tiny, amcnicky_mini_corridor_feature, zin_scriptorium
Temple:   hellmonk_temple_divided_pantheon
Lair:1:   layout_cave_shapes, chequers_serial_rivers_room_a
Lair:2:   layout_chaotic_city, guppyfry_snake_entry_garden, beast_lair_carwin_9,
          grunt_megastairs_4, lemuel_fruit_fields, serial_bayou_shore_b,
          serial_bayou_shore_b
Lair:3:   statuecave_lemuel, layout_gridlike, minmay_shoals_entry_hut,
          minivault_25, beast_lair_carwin_11
Lair:4:   layout_cave_pods, slime_entry_1, serial_bayou_shore_b,
          grunt_megastairs_5, lemuel_fruit_tree, infiniplex_staircase_pool_2,
          serial_bayou_shore_a, uniq_kirke
Lair:5:   gammafunk_lair_ancient_temple, layout_gridlike
Shoals:1: layout_shoals, ebering_ghost_inner_flame, uniq_mlioglotl
Shoals:2: layout_shoals
Shoals:3: layout_shoals, gammafunk_ghost_berserking_beasts
Shoals:4: shoals_end_simple, layout_shoals, shoals_ilsuiw_ice, uniq_polyphemus
Snake:1:  layout_basic, serial_shops, nicolae_shop_trees
Snake:2:  layout_chambers, nicolae_snake_mages_go_home
Snake:3:  nicolae_snake_crotalidae_crossing, layout_rooms, basic_altar,
          nicolae_snake_serpentine_bazaar, uniq_asterion, uniq_aizul
Snake:4:  snake_pit_salamanders_mu, layout_onion_interference, basic_altar,
          serial_bayou_pond_b, nicolae_snake_naga_rites, uniq_vashnia
Orc:1:    layout_caves, serial_shops, nicolae_shop_tiny_statue_garden,
          elves_outpost_lemuel
Orc:2:    grunt_orc_community_town_hall, layout_caves,
          grunt_orc_community_big_house_1, grunt_orc_community_big_house_1,
          grunt_orc_community_house_3, grunt_orc_community_house_3,
          grunt_orc_community_house_3, grunt_orc_community_house_1,
          uniq_josephine
Vaults:1: vaults_standard_mumra_lines, nicolae_vaults_double_plus_2,
          nicolae_vaults_turnstiles, nicolae_vaults_stepped_doors,
          nicolae_vaults_network_quincunx
          [nicolae_vaults_network_quincunx_subvault,
          nicolae_vaults_network_quincunx_subvault,
          nicolae_vaults_network_quincunx_subvault,
          nicolae_vaults_network_quincunx_subvault,
          nicolae_vaults_network_quincunx_subvault], v_misc_18,
          nicolae_vaults_little_squares_5, hangedman_vaults_capsules,
          nicolae_vaults_tetromino_Z_1, nicolae_vaults_trapezoid_4,
          nicolae_vaults_angled_halls, layout_vaults_maze
Vaults:2: ontoclasm_vaults_gateway, ontoclasm_vaults_ring_large,
          grunt_vaults_diagonal, nicolae_vaults_storage_closets_3,
          nicolae_vaults_storage_room_doors, v_misc_26, hangedman_vaults_slice,
          nicolae_vaults_storage_room_water, v_rooms_6, ontoclasm_vaults_fault,
          vaults_dpeg_hooks, nicolae_vaults_surprise_closet,
          nicolae_vaults_cochlea, layout_vaults_omnicross
Vaults:3: grunt_vaults_twisty, minmay_crypt_entry_necro_gods,
          nicolae_vaults_little_squares_6,
          nicolae_vaults_taking_the_gang_shopping, v_misc_23,
          nicolae_vaults_more_shelving_2, ontoclasm_vaults_misaligned,
          hangedman_vaults_snaps, nicolae_vaults_specimen_jars,
          ontoclasm_vaults_shuriken, nicolae_vaults_closet_pinwheel_1,
          nicolae_vaults_six-pack, layout_vaults_big_room, serial_shops,
          bzr_entry_water
Vaults:4: nicolae_vaults_double_plus_1, nicolae_vaults_asterisk,
          nicolae_vaults_circle_grid_b, nicolae_vaults_network_square,
          nicolae_vaults_double_plus_2, nicolae_vaults_storage_closets_2,
          v_misc_16, nicolae_vaults_closet_pinwheel_4, v_pattern_2,
          nicolae_vaults_little_squares_5, ontoclasm_vaults_chip,
          vaults_mumra_lcd, layout_vaults_quadrants, serial_shops, shop
Vaults:5
Depths:1: layout_gridlike, grunt_pan_entry_spiral, serial_shops, shop,
          abyss_entry_glasseish, fiery_altar_vehumet, enter_trove_1,
          pf_dread_powers_of_hell, serial_sigils_hangedman_snap,
          dreamdust_wishing_well, minmay_three_doors, uniq_mara
Depths:2: cheibrodos_poisonous_passages, layout_gridville, hell_entry,
          rand_demon_pan_entry_1, nicolae_ru_sacrificial_ziggurat,
          lemuel_flame_loot_1
Depths:3: minmay_the_grid_triangle_9x9_recursive_2
          [minmay_the_grid_triangle_9x9_prize_insulated,
          minmay_the_grid_triangle_9x9_tough_junction,
          minmay_the_grid_triangle_9x9_skeleton,
          minmay_the_grid_triangle_9x9_negative_grid], layout_long_grid,
          enter_ziggurat_c, abandoned_shop, grunt_hell_entry_dis_old,
          serial_shops, shop, abyss_entry, nicolae_figureground_sparkle,
          uniq_margery
Depths:4: evilmike_zot_entry_diamond, layout_basic, grunt_hell_horde,
          minmay_misc_feat_nine_boxes
Zot:1:    layout_basic, hangedman_zot_gyre
Zot:2:    regret_index_malice_mire, layout_gridlike
Zot:3:    kennysheep_ambush_hall, layout_misc_corridors, zot_minivault_3
Zot:4:    layout_gridville, hangedman_zot_decor_unnerving_road, uniq_tiamat
Zot:5:    layout_cellular_growth

Skill      XL: |  1  2  3  4  5  6  7  8  9 10 11 12 13 14 15 16 17 18 19 20 21 22 |
---------------+-------------------------------------------------------------------+-----
Armour         | 4 5 6 7 9 10 12 13 14 16 17 18 19 21 22 23 24 25 | 25.8
Shields        | 4 5 6 8 9 10 12 13 14 16 17 18 19 21 22 23 24 25 | 25.8
Fighting       | 4 5 6 8 10 12 15 16 18 19 20 21 22 23 24 25 26 27 | 27.0
Axes           | 3 4 5 6 7 8 10 12 13 14 16 17 18 19 20 21 22 24 25 | 25.7

Action                     |  1- 3 |  4- 6 |  7- 9 | 10-12 | 13-15 | 16-18 | 19-21 | 22-24 || total
---------------------------+-------+-------+-------+-------+-------+-------+-------+-------++-------
  Melee: War axe           |   104 |    49 |       |       |   555 |       |       |       ||   708
         Headbutt          |    14 |    19 |    54 |   100 |   236 |   423 |   404 |   229 ||  1479
         Hand axe          |       |    47 |   239 |   440 |   175 |       |       |       ||   901
         Broad axe         |       |       |       |       |   327 |  1472 |  1256 |   703 ||  3758
         Trident           |       |       |       |       |    24 |    43 |       |       ||    67
         Unarmed           |       |       |       |       |       |    21 |     9 |       ||    30
 Invoke: Potion Petition   |       |       |       |       |     1 |     3 |     4 |     3 ||    11
         Bribe Branch      |       |       |       |       |       |       |       |     3 ||     3
  Evoke: Wand              |       |       |       |     2 |       |       |       |     2 ||     4
         Tin of tremorston |       |       |       |       |       |       |     2 |       ||     2
         Box of beasts     |       |       |       |       |       |       |     1 |       ||     1
         Gell's gravitambo |       |       |       |       |       |       |     1 |       ||     1
    Use: Scroll            |       |       |    15 |     3 |    15 |     7 |     8 |    11 ||    59
         Potion            |       |       |       |     2 |     1 |     8 |    14 |     6 ||    31
   Stab: Distracted        |       |       |       |     2 |     6 |    11 |    11 |    14 ||    44
         Petrified         |       |       |       |       |       |     6 |       |       ||     6
         Petrifying        |       |       |       |       |       |     1 |       |       ||     1
 Armour: Scale mail        |    24 |       |       |       |       |       |       |       ||    24
         Plate armour      |    83 |    92 |   224 |   265 |   645 |   756 |   501 |   419 ||  2985
         Skin              |       |       |       |       |       |     8 |     4 |       ||    12
  Dodge: Dodged            |    31 |    29 |    43 |    55 |   164 |   297 |   249 |   186 ||  1054
  Block: Buckler           |    20 |    23 |    12 |       |       |       |       |       ||    55
         Tower shield      |       |       |   176 |   424 |  1079 |  1618 |  1303 |   760 ||  5360

Table legend: (Time is in decaauts)
 A = Elapsed time spent in this place.
 B = Non-inter-level travel time spent in this place.
 C = Inter-level travel time spent in this place.
 D = Time resting spent in this place.
 E = Time spent auto-exploring this place.
 F = Levels seen in this place.
 G = Mean time per level.
                   A        B        C        D        E       F      G
               +--------+--------+--------+--------+--------+-----+--------+
         Total |  51436 |  48086 |   3350 |  10518 |  27766 |  47 | 1094.4 |
       Dungeon |  16574 |  15059 |   1515 |   2477 |  10217 |  15 | 1104.9 |
        Temple |     31 |     18 |     13 |      0 |      0 |   1 |   31.0 |
          Lair |   6914 |   6345 |    569 |   1394 |   3821 |   5 | 1382.8 |
        Shoals |   2753 |   2663 |     90 |    556 |   1360 |   4 |  688.2 |
     Snake Pit |  10126 |   9728 |    398 |   4071 |   4018 |   4 | 2531.5 |
  Orcish Mines |   1853 |   1761 |     92 |     15 |   1375 |   2 |  926.5 |
        Vaults |   7653 |   7330 |    323 |    196 |   5344 |   5 | 1530.6 |
        Depths |   1018 |    857 |    161 |    288 |     70 |   4 |  254.5 |
           Zot |   3942 |   3756 |    186 |   1518 |   1253 |   5 |  788.4 |
        Bazaar |     81 |     81 |      0 |      0 |     47 |   1 |   81.0 |
        Bailey |    487 |    487 |      0 |      0 |    260 |   1 |  487.0 |
               +--------+--------+--------+--------+--------+-----+--------+

Top non-repeatable levels by time:
 Snake:3: 3579 daAuts
 Snake:4: 3403 daAuts
     D:9: 2296 daAuts
Vaults:4: 2183 daAuts
 Snake:2: 1870 daAuts
  Lair:2: 1788 daAuts
  Lair:3: 1695 daAuts
Shoals:4: 1630 daAuts
Vaults:3: 1570 daAuts
  Lair:4: 1512 daAuts
     D:5: 1495 daAuts
   Zot:1: 1487 daAuts
Vaults:2: 1486 daAuts
Vaults:1: 1447 daAuts
     D:7: 1373 daAuts
